 Dungeon Crawl Stone Soup version 0.29-a0-997-gf6f7e2dfe7 (webtiles) character file.

Game seed: 16436791404856823769

12772 Anon1729 the Cleaver (level 11, -2/156 HPs)
             Began as a Minotaur Monk on Aug 4, 2022.
             Was the Champion of Ignis.
             Succumbed to a minotaur's poison
             ... in a Gauntlet.
             The game lasted 00:17:37 (11067 turns).

Anon1729 the Cleaver (Minotaur Monk)               Turns: 11067, Time: 00:17:38

Health: -2/156     AC: 27    Str: 20    XL:     11   Next: 66%
Magic:  3/10       EV: 14    Int:  2    God:    Ignis [******]
Gold:   1280       SH:  0    Dex: 22    Spells: 10/10 levels left

rFire   + . .      SeeInvis .   M - +2 battleaxe (freeze)
rCold   . . .      Faith    .   (shield currently unavailable)
rNeg    . . .      Spirit   +   h - +8 plate armour {ponderous}
rPois   .          Reflect  .   (helmet restricted)
rElec   .          Harm     .   a - +1 cloak of the Tundras {Int-5 Dex+3}
rCorr   .          Rampage  .   (no gloves)
Will    .....      NoTele   +   i - +0 pair of boots
Stlth   ..........              I - amulet of guardian spirit
HPRegen 0.36/turn               o - +6 ring of dexterity
MPRegen 0.12/turn               p - +4 ring of evasion

@: berserking (expiring), lethally poisoned (-2 -> -36), invisible, very quick
A: horns 2, retaliatory headbutt
a: Renounce Religion, Fiery Armour, Foxfire Swarm, Rising Flame


You were in a Gauntlet.
You worshipped Ignis.
Ignis was exalted by your worship.
You visited 3 branches of the dungeon, and saw 11 of its levels.
You also visited: Bailey and Gauntlet.

You collected 1457 gold pieces.
You spent 177 gold pieces at shops.

Inventory:

Hand Weapons
 e - a +2 hand axe of venom
 M - a +2 battleaxe of freezing (weapon)
Armour
 a - the +1 cloak of the Tundras (worn) {Int-5 Dex+3}
   (You found it in a Gauntlet)

   Int:       It affects your intelligence (-5).
   Dex:       It affects your dexterity (+3).
 b - a +0 robe
 h - a +8 plate armour of ponderousness (worn)
 i - a +0 pair of boots (worn)
 m - a +0 chain mail
Magical Staves
 c - a staff of poison
Jewellery
 o - a +6 ring of dexterity (left hand)
 p - a +4 ring of evasion (right hand)
 v - a +6 ring of intelligence
 w - a +6 ring of dexterity
 y - a +6 ring of dexterity
 I - an amulet of guardian spirit (around neck)
 Q - the amulet "Ycimamue" {RegenMP +Blink}
   (You found it in a Gauntlet)

   [amulet of magic regeneration]

   It increases your rate of magic regeneration.
   +Blink:    It lets you blink.
Wands
 u - a wand of flame (13)
 G - a wand of roots (6)
Scrolls
 d - 5 scrolls of teleportation
 g - 2 scrolls of poison
 j - 2 scrolls of butterflies
 q - 5 scrolls of amnesia
 r - a scroll of noise
 t - a scroll of magic mapping
 z - a scroll of vulnerability
 E - a scroll of acquirement
 F - 3 scrolls of summoning
 J - a scroll of blinking
 O - a scroll of silence
Potions
 f - a potion of curing
 k - 4 potions of heal wounds
 l - 2 potions of attraction
 n - a potion of magic {unknown}
 s - a potion of haste {unknown}
 x - 7 potions of degeneration
 A - a potion of flight {unknown}
 C - a potion of might
 D - 3 potions of mutation {unknown}
 H - 2 potions of cancellation {unknown}
 K - 2 potions of berserk rage
 L - 2 potions of lignification {unknown}
 N - a potion of resistance {unknown}
 P - a potion of ambrosia


   Skills:
 + Level 11.8 Fighting
 + Level 11.9 Axes
 + Level 11.2 Armour
 - Level 7.0 Dodging
 - Level 1.6 Stealth
 + Level 6.9 Evocations


You had 10 spell levels left.
You didn't know any spells.
Your spell library contained the following spells:

 Spells                   Type           Power      Damage    Failure   Level
 Beastly Appendage        Tmut           0%         N/A       100%        1
 Shock                    Conj/Air       0%         1d3       100%        1
 Blink                    Tloc           0%         N/A       100%        2
 Poisonous Vapours        Pois/Air       0%         N/A       100%        2
 Wereblood                Tmut           0%         N/A       100%        2
 Spider Form              Tmut/Pois      0%         N/A       100%        3
 Swiftness                Air            0%         N/A       100%        3
 Airstrike                Air            0%         2d(0-16)  100%        4
 Corpse Rot               Necr/Pois/Air  0%         N/A       100%        4
 Manifold Assault         Tloc           0%         N/A       100%        5
 Dispersal                Tloc           0%         N/A       100%        6
 Storm Form               Tmut/Air       0%         N/A       100%        7
 Disjunction              Tloc           0%         N/A       100%        8


Dungeon Overview and Level Annotations

Branches:
Dungeon (9/15)             Temple (1/1) D:5            Lair (1/5) D:8
 Bailey (visited)         Gauntlet (1/1)
    Orc: D:9-12

Altars:
Qazlal
Ru
Uskayaw
Ignis

Shops:
D:5 [*[*

Portals:
Abyss: D:9

Annotations:
D:3 3 runed translucent doors, gabibbone's ghost, weakling OpCj
D:5 3 runed translucent doors, sanka's ghost, novice MeTm
D:8 2 transporters, exclusion: ice statue, rigao's ghost, novice DgFE
D:9 2 transporters, melvinkitnick's ghost, novice OpFE Gauntlet 8 transporters


Innate Abilities, Weirdness & Mutations

You have a pair of horns on your head.
You reflexively headbutt those who attack you in melee.


Message History

Something gores you!
The grasping roots constrict something.
You feel extremely sick.
You feel better.
The grasping roots constrict something!
Okay, then.
It was a potion of berserk rage.
A red film seems to cover your vision as you go berserk!
You feel yourself moving faster!
You feel mighty! Something hits you.
You are poisoned.
Something gores you!
You closely miss something.
You feel very sick. Something completely misses you.
Something gores you but does no damage.
You barely miss something. You headbutt something!
You feel sick. Something hits you.
You are more poisoned.
Something gores you but does no damage.
You hit something. You freeze something. You headbutt something!
You feel very sick.
You closely miss something. You headbutt something!
You feel sick. Something hits you!!
You are more poisoned.
Something gores you!
You completely miss something.
You feel very sick. Something hits you!!
* * * LOW HITPOINT WARNING * * *
You are more poisoned.
Something gores you.
* * * LOW HITPOINT WARNING * * *
You slice something!! You freeze something.
Reactivating autopickup.
You feel a bit more experienced.
* * * LOW HITPOINT WARNING * * *
You feel extremely sick.
You are too berserk!
* * * LOW HITPOINT WARNING * * *
You feel extremely sick.
You feel a strong urge to attack something.
You die...

### #### .. #..# ### #.
#.####8.8#.## #.#..#.∩....#
#.#.## #)# #.#.#######.#
#.#......@..# #.###.#######.#
#.............# #######.#######
#.............# ##...©.©.©...##
##########..8.8.8..##############
§#≈#≈#§####.......####≈#≈#≈#≈#≈#≈
........#§#########≈#............


There were no monsters in sight!

Vanquished Creatures
  A minotaur (Gauntlet)
  A two-headed ogre (D:9)
  A hell hog (Gauntlet)
  An orc high priest (Bailey)
  A sixfirhy (Gauntlet)
  Pikel (D:5)
  A cane toad (Lair:1)
  A kobold demonologist (Bailey)
  A hornet (D:7)
  Prince Ribbit (D:7)
  Grinder (D:3)
  2 dream sheep (D:7)
  11 yaks
  4 fire bats (Gauntlet)
  A hell hound (Gauntlet)
  Menkaure (D:6)
  6 water moccasins
  3 black bears (D:8)
  7 orc warriors
  2 ice beasts
  3 ogres
  A centaur (D:8)
  3 kobold brigands
  5 bullfrogs
  2 necrophages
  A gnoll sergeant (D:7)
  3 scorpions
  12 wights
  18 killer bees
  4 electric eels (Bailey)
  3 howler monkeys (D:9)
  3 orc priests
  4 hounds
  2 gnoll boudas
  2 iguanas
  Ijyb (D:3)
  Terence (D:2)
  7 orc wizards
  Robin (D:2)
  14 gnolls
  8 adders
  A shadow imp (D:8)
  2 white imps
  2 ufetubi
  2 worms
  A dart slug (D:2)
  24 orcs
  13 ball pythons
  10 bats
  5 endoplasms
  5 giant cockroaches
  18 goblins
  14 hobgoblins
  3 jackals (D:5)
  16 kobolds
  3 quokkas
  A frilled lizard (D:2)
  3 rats
269 creatures vanquished.

Vanquished Creatures (others)
  15 fungi
  14 plants
29 creatures vanquished.

Grand Total: 298 creatures vanquished

Notes
Turn   | Place    | Note
-------+----------+-------------------------------------------
     0 | D:1      | Anon1729 the Minotaur Monk began the quest for the Orb.
     0 | D:1      | Reached XP level 1. HP: 19/19 MP: 0/0
   286 | D:1      | Reached XP level 2. HP: 27/27 MP: 1/1
   530 | D:1      | Reached skill level 1 in Armour
   908 | D:2      | Noticed Robin
   915 | D:2      | Reached XP level 3. HP: 24/33 MP: 2/2
  1259 | D:2      | Noticed Terence
  1267 | D:2      | Killed Terence
  1268 | D:2      | Reached XP level 4. HP: 31/41 MP: 3/3
  1819 | D:2      | Killed Robin
  1984 | D:3      | Found a runed translucent gate.
  1984 | D:3      | Found a runed translucent gate.
  2045 | D:3      | Noticed Grinder
  2049 | D:3      | Reached XP level 5. HP: 47/47 MP: 4/4
  2054 | D:3      | Paralysed by Grinder for 3 turns
  2106 | D:3      | Found a runed translucent gate.
  2117 | D:3      | Killed Grinder
  2118 | D:3      | Reached skill level 5 in Fighting
  2118 | D:3      | Reached skill level 5 in Axes
  2118 | D:3      | Reached XP level 6. HP: 16/56 MP: 5/5
  2450 | D:3      | Found a sacrificial altar of Ru.
  2689 | D:3      | Noticed Ijyb
  2696 | D:3      | Killed Ijyb
  2702 | D:3      | Found a faded altar of an unknown god.
  2717 | D:3      | Prayed at the altar of an unknown god.
  2717 | D:3      | Became a worshipper of Ignis, the Dying Flame
  2717 | D:3      | Reached ****** piety under Ignis
  2880 | D:3      | Noticed gabibbone's ghost (weakling OpCj)
  3057 | D:4      | Reached skill level 5 in Dodging
  3277 | D:4      | Reached XP level 7. HP: 57/62 MP: 6/6
  4010 | D:5      | Entered Level 5 of the Dungeon
  4025 | D:5      | Noticed sanka's ghost (novice MeTm)
  4035 | D:5      | Found Akhu's Assorted Antiques.
  4052 | D:5      | Bought a brown potion for 27 gold pieces
  4052 | D:5      | Bought a smoky grey potion for 27 gold pieces
  4052 | D:5      | Bought 2 scrolls labelled WETUF YPHUS for 62 gold pieces
  4063 | D:5      | Found Gehes's Armour Shoppe.
  4069 | D:5      | Noticed Pikel
  4078 | D:5      | Killed Pikel
  4079 | D:5      | Reached skill level 5 in Armour
  4079 | D:5      | Reached XP level 8. HP: 41/71 MP: 7/7
  4300 | D:5      | Found a runed translucent gate.
  4300 | D:5      | Found a runed translucent gate.
  4300 | D:5      | Found a runed translucent gate.
  4376 | D:5      | Found a staircase to the Ecumenical Temple.
  4390 | Temple   | Entered the Ecumenical Temple
  4400 | D:5      | Found Mighuor's Assorted Antiques.
  4410 | D:5      | Bought a clear potion for 20 gold pieces
  4410 | D:5      | Bought 2 clear potions for 41 gold pieces
  4457 | D:5      | Found Coklas's Antique Armour Boutique.
  5166 | D:6      | Noticed Menkaure
  5177 | D:6      | Killed Menkaure
  5178 | D:6      | Reached skill level 1 in Evocations
  5390 | D:6      | Reached XP level 9. HP: 67/81 MP: 8/8
  6310 | D:7      | Noticed Prince Ribbit
  6334 | D:7      | HP: 4/82 [Prince Ribbit (8)]
  6335 | D:7      | Killed Prince Ribbit
  7516 | D:7      | Found a hide-covered altar of Uskayaw.
  7706 | D:8      | Found a transporter.
  7709 | D:8      | Noticed a two-headed ogre
  7730 | D:8      | Noticed a boulder beetle
  7782 | D:8      | Reached XP level 10. HP: 84/91 MP: 9/9
  8058 | D:8      | Noticed a death knight
  8059 | D:8      | Noticed rigao's ghost (novice DgFE)
  8068 | D:8      | Noticed an ice statue
  8081 | D:8      | Found a transporter.
  8325 | D:8      | Found a staircase to the Lair.
  8335 | D:8      | Reached skill level 10 in Axes
  8676 | D:9      | Reached skill level 10 in Fighting
  8683 | D:9      | Reached skill level 5 in Evocations
  8696 | D:9      | Identified a scroll of acquirement
  8805 | D:9      | Found a flagged portal.
  8824 | Bailey   | Entered a bailey
  9118 | Bailey   | Found an iron altar of Okawaru.
  9118 | Bailey   | Noticed an orc high priest
  9122 | Bailey   | Killed an orc high priest
  9125 | Bailey   | Noticed an orange demon
  9127 | Bailey   | Reached skill level 10 in Armour
  9141 | Bailey   | Identified the +8 long sword of Zaodu {spect, rN+ Stlth+}
  9762 | D:9      | Acquired 862 gold pieces
  9794 | D:9      | Noticed melvinkitnick's ghost (novice OpFE)
  9800 | D:9      | Noticed a two-headed ogre
  9806 | D:9      | Killed a two-headed ogre
  9807 | D:9      | Reached XP level 11. HP: 101/101 MP: 10/10
 10171 | D:9      | Found a transporter.
 10172 | D:9      | Found a transporter.
 10258 | D:9      | Found a one-way gate to the infinite horrors of the Abyss.
 10395 | Lair:1   | Entered Level 1 of the Lair of Beasts
 10503 | Lair:1   | Found a gate leading to a gauntlet.
 10516 | Gauntlet | Entered a Gauntlet
 10516 | Gauntlet | Found a transporter.
 10523 | Gauntlet | Noticed a sixfirhy
 10525 | Gauntlet | Found a transporter.
 10545 | Gauntlet | Found a transporter.
 10545 | Gauntlet | Found a transporter.
 10555 | Gauntlet | Found a transporter.
 10575 | Gauntlet | Noticed a wolf spider
 10576 | Gauntlet | Found a transporter.
 10578 | Gauntlet | Noticed a green death
 10580 | Gauntlet | Found a transporter.
 10584 | Gauntlet | Found a transporter.
 10586 | Gauntlet | Noticed a sixfirhy
 10609 | Gauntlet | Noticed a hell hog
 10613 | Gauntlet | Found a transporter.
 10623 | Gauntlet | Noticed a sixfirhy
 10625 | Gauntlet | Found a transporter.
 10625 | Gauntlet | Found a transporter.
 10625 | Gauntlet | Noticed a sixfirhy
 10627 | Gauntlet | Noticed a sixfirhy
 10632 | Gauntlet | Found a transporter.
 10723 | Gauntlet | Identified the +1 cloak of the Tundras {Int-5 Dex+3}
 10731 | Gauntlet | Killed a sixfirhy
 10876 | Gauntlet | Killed a hell hog
 11006 | Gauntlet | Identified the amulet "Ycimamue" {RegenMP +Blink}
 11054 | Gauntlet | Identified the ring of Maps {Ice Will- MP-9 Int+8 Stlth+}
 11054 | Gauntlet | Noticed a minotaur
 11065 | Gauntlet | Killed a minotaur
 11066 | Gauntlet | HP: 4/156 [poisoned by a minotaur]
 11067 | Gauntlet | Succumbed to a minotaur's poison

Illustrated notes

Levels and vault maps discovered:
D:1:      nzn_arrival_depleted_hourglass, layout_basic, corexii_corridor_pit
D:2:      layout_loops_corners, minmay_3d_cube, uniq_robin, uniq_terence
D:3:      layout_basic, nicolae_ru_sacrificial_ziggurat, gammafunk_ghost_icy,
          serial_glass, glass_columns_a, glass_columns_b, due_unseen_surprise,
          feat_on_display, nicolae_ecumenical_snake_handling,
          grunt_ministairs_14, uniq_grinder, uniq_ijyb
D:4:      layout_basic
D:5:      layout_cave_pools, minmay_temple_entry_junction,
          gammafunk_ghost_split, serial_shops, nicolae_diamond_shop, shop_coins,
          nicolae_shop_advertising_works [nicolae_subvault_shop_adworks],
          nicolae_shop_window_shopping, nicolae_fountain_basement, uniq_pikel
D:6:      layout_rooms, uniq_menkaure
D:7:      minmay_angry_zag, layout_cave_pods, nicolae_uskayaw_dance_studio,
          dreamdust_gnoll_shepherd, uniq_prince_ribbit1
D:8:      layout_cave_pods, due_lair_maze_entry_diamond, nzn_ghost_randoct
D:9:      layout_roguey, gammafunk_ghost_abyssal_escape, enter_bailey_2,
          item_on_display_a
Temple:   nicolae_temple_bog_church
Lair:1:   layout_cave_pods, gauntlet_entry_generic, serial_bayou_shore_a
Gauntlet: minmay_gauntlet_mixed_oops_all_seconds
          [minmay_gauntlet_arena_77_squiggly, nicolae_gauntlet_arena_grate_2,
          minmay_gauntlet_arena_77_hold_the_fort,
          gammafunk_gauntlet_arena_split_x, minmay_gauntlet_arena_77_two_paths,
          gammafunk_gauntlet_arena_spirals, dreamdust_gauntlet_exit_labyrinth]

Skill      XL: |  1  2  3  4  5  6  7  8  9 10 11 |
---------------+----------------------------------+-----
Armour         | 1 2 3 4 5 6 8 10 11 | 11.2
Fighting       | 4 5 6 7 9 10 11 | 11.8
Axes           | 4 5 6 7 9 10 11 | 11.9
Dodging        | 4 5 6 7 |  7.0
Evocations     | 1 3 5 6 |  6.9
Stealth        | |  1.6

Action                   |  1- 3 |  4- 6 |  7- 9 | 10-12 || total
-------------------------+-------+-------+-------+-------++-------
Melee: Hand axe          |    57 |    41 |    65 |     6 ||   169
       Headbutt          |     6 |    11 |    48 |    39 ||   104
       Punch             |     1 |     2 |     3 |       ||     6
       Battleaxe         |       |    51 |   124 |   212 ||   387
Evoke: Wand              |       |       |     6 |     4 ||    10
  Use: Potion            |       |     2 |       |     3 ||     5
       Scroll            |       |     2 |     1 |    15 ||    18
 Stab: Sleeping          |     5 |       |       |       ||     5
       Distracted        |     1 |       |       |       ||     1
Armor: Robe              |    15 |       |       |       ||    15
       Chain mail        |       |    40 |    74 |    50 ||   164
       Plate armour      |       |       |       |    68 ||    68
Dodge: Dodged            |    45 |    58 |   198 |   210 ||   511

Table legend: (Time is in decaauts)
 A = Elapsed time spent in this place.
 B = Non-inter-level travel time spent in this place.
 C = Inter-level travel time spent in this place.
 D = Time resting spent in this place.
 E = Time spent auto-exploring this place.
 F = Levels seen in this place.
 G = Mean time per level.
                   A        B        C        D        E       F      G
               +--------+--------+--------+--------+--------+-----+--------+
         Total |  11283 |  10955 |    328 |   1344 |   7835 |  13 |  867.9 |
       Dungeon |   9585 |   9257 |    328 |   1152 |   6807 |   9 | 1065.0 |
        Temple |      1 |      1 |      0 |      0 |      0 |   1 |    1.0 |
          Lair |    133 |    133 |      0 |      0 |      0 |   1 |  133.0 |
        Bailey |    984 |    984 |      0 |     70 |    732 |   1 |  984.0 |
      Gauntlet |    578 |    578 |      0 |    122 |    296 |   1 |  578.0 |
               +--------+--------+--------+--------+--------+-----+--------+

Top non-repeatable levels by time:
     D:7: 1797 daAuts
     D:3: 1161 daAuts
     D:2: 1111 daAuts
     D:8: 1059 daAuts
     D:6: 1041 daAuts
     D:4: 986 daAuts
  Bailey: 984 daAuts
     D:5: 832 daAuts
     D:9: 817 daAuts
     D:1: 779 daAuts
Gauntlet: 578 daAuts
  Lair:1: 133 daAuts
  Temple: 1 daAuts
